 Dungeon Crawl Stone Soup version 0.19-a0-47-g1fa3c7d (webtiles) character file.

86 Eucla the Chopper (level 4, -3/39 HPs)
             Began as a Hill Orc Skald on May 6, 2016.
             Slain by a worm (11 damage)
             ... on level 2 of the Dungeon.
             The game lasted 00:03:16 (2213 turns).

Eucla the Chopper (Hill Orc Skald)                  Turns: 2213, Time: 00:03:17

Health: -3/39      AC:  3    Str: 14    XL:     4   Next: 49%
Magic:  5/6        EV: 11    Int: 12    God:
Gold:   80         SH:  0    Dex: 11    Spells: 2 memorised, 2 levels left

rFire  . . .     SeeInvis .     a - +0 hand axe
rCold  . . .     Gourm    .     b - +0 leather armour
rNeg   . . .     Faith    .     (no shield)
rPois  .         Spirit   .     (no helmet)
rElec  .         Dismiss  .     (no cloak)
rCorr  .         Reflect  .     (no gloves)
SustAt .         Harm     .     (no boots)
MR     .....                    (no amulet)
Stlth  +.........               (no ring)
                                (no ring)

@: infused, not resistant to hostile enchantments, very unstealthy
A: no striking features
a: no special abilities


You were on level 2 of the Dungeon.
You were not hungry.

You visited 1 branch of the dungeon, and saw 2 of its levels.

You collected 80 gold pieces.

Inventory:

Hand Weapons
 a - a +0 hand axe (weapon)
Armour
 b - a +0 leather armour (worn)
Scrolls
 h - 3 scrolls of identify {unknown}
 i - a scroll of random uselessness {unknown}
 j - a scroll of magic mapping {unknown}
Potions
 e - 2 potions of heal wounds {unknown}
 k - a potion of haste {unknown}
 l - a potion of agility {unknown}
Books
 c - a book of Battle

   Spells                             Type                      Level
   a - Infusion                       Charms                       1
   b - Shroud of Golubria             Charms/Translocation         2
   c - Song of Slaying                Charms                       2
   d - Spectral Weapon                Hexes/Charms                 3
   e - Regeneration                   Charms/Necromancy            3
Comestibles
 d - a bread ration


   Skills:
 + Level 3.6 Fighting
 * Level 5.3 Axes
 - Level 1.1 Armour
 - Level 0.7 Dodging
 - Level 1.5 Spellcasting
 - Level 2.6 Charms


You had 2 spell levels left.
You knew the following spells:

 Your Spells              Type           Power        Failure   Level  Hunger
a - Infusion              Chrm           #...         12%         1    ##.....
b - Regeneration          Chrm/Necr      #.........   69%         3    ####...


Dungeon Overview and Level Annotations

Branches:
Dungeon (2/15)

Altars:


Message History

There is a large open door, spattered with blood here.
The worm is too close now for your liking.
Unknown command.
You hit the worm.
The worm is moderately wounded.
You hit the worm but do no damage.
The worm is moderately wounded.
The worm bites you.
You hit the worm.
The worm is moderately wounded.
You hit the worm.
The worm is severely wounded.
The worm bites you.
* * * LOW HITPOINT WARNING * * *
You are too injured to fight recklessly!
Casting: Regeneration
Confirm with . or Enter, or press ? or * to list all spells.
You begin infusing your attacks with magical energy.
The worm bites you!
You die...

###..8##8..#
#.'..####..#
#.'..####..#
#.#..8##8(.#
#.#........# ##
#.#).......# .
#.##########
.#### #.####.#
#.####.....
#..@w.## ##.....#
######.###..#.###
##.#...#...###.
##w.#####.....
#........###.
#.#..#..#....
#.#.....#.##.
..#.###.#.#
.###.....#.#


You could see a worm.

Vanquished Creatures
  A gnoll (D:1)
  2 adders (D:2)
  2 oozes
  A dart slug (D:1)
  A giant gecko (D:2)
  5 bats
  A giant cockroach (D:2)
  9 goblins
  6 hobgoblins (D:1)
  6 jackals (D:1)
  6 kobolds (D:1)
  2 giant newts
42 creatures vanquished.

Notes
Turn   | Place    | Note
--------------------------------------------------------------
     0 | D:1      | Eucla the Hill Orc Skald began the quest for the Orb.
     0 | D:1      | Reached XP level 1. HP: 18/18 MP: 3/3
   117 | D:1      | Reached skill level 3 in Axes
   202 | D:1      | Reached XP level 2. HP: 17/25 MP: 4/4
   333 | D:1      | Reached skill level 4 in Axes
   334 | D:1      | Reached XP level 3. HP: 11/30 MP: 0/5
  1002 | D:1      | Learned a level 3 spell: Regeneration
  1575 | D:2      | Reached skill level 5 in Axes
  1575 | D:2      | Reached XP level 4. HP: 13/38 MP: 3/6
  2213 | D:2      | Slain by a worm

Vault maps used:
D:1:      dpeg_arrival_morbid_curiosity, minmay_misc_feat_columns
D:2:      kennysheep_generic_room_6

Skill      XL: |  1  2  3 |
---------------+----------+-----
Axes           | 3 4 5 |  5.3
Fighting       | 3 |  3.6
Armour         | |  1.1
Dodging        | |  0.7
Spellcasting   | |  1.5
Charms         | |  2.6

Action                   |  1- 3 |  4- 6 || total
-------------------------+-------+-------++-------
Melee: Hand axe          |   155 |    49 ||   204
 Cast: Infusion          |     3 |     3 ||     6
       Regeneration      |       |     1 ||     1
 Stab: Sleeping          |       |     1 ||     1
  Eat: Chunk             |     2 |     2 ||     4
       Pizza             |       |     1 ||     1
       Beef jerky        |       |     1 ||     1
Armor: Leather armour    |    51 |    18 ||    69
Dodge: Dodged            |   120 |    35 ||   155
